 Dungeon Crawl Stone Soup version 0.20.1-1-g8b1a95d (webtiles) character file.

2420 Lanoc the Archer (level 9, -2/65 (66) HPs)
             Began as a Demonspawn Arcane Marksman on Nov 24, 2017.
             Was an Elder of Qazlal.
             Slain by Duvessa
             ... wielding a +0 short sword
              (14 damage)
             ... on level 7 of the Dungeon.
             The game lasted 00:36:59 (6383 turns).

Lanoc the Archer (Demonspawn Arcane Marksman)       Turns: 6383, Time: 00:37:00

HP:   -2/65 (66)    AC:  4    Str: 13    XL:     9   Next: 24%
MP:   0/10          EV: 19    Int: 14    God:    Qazlal [****..]
Gold: 369           SH:  9    Dex: 22    Spells: 6/10 levels left

rFire    + . .     SeeInvis .   D - +2 war axe (flame)
rCold    + . .     Gourm    .   (no shield)
rNeg     . . .     Faith    .   t - +1 leather armour
rPois    .         Spirit   +   (helmet restricted)
rElec    .         Reflect  .   B - scarf {rC+ rF+}
rCorr    .         Harm     .   (no gloves)
MR       .....                  (no boots)
Stlth    ++........             q - amulet of guardian spirit
Regen    0.2/turn               (no ring)
MPRegen  0.2/turn               (no ring)

@: agile, repel missiles
A: antennae 1, hooves 1, large bone plates 1, nightstalker 1, sense surroundings
1, powered by pain 1, strong 1
a: Upheaval, Elemental Force, Renounce Religion


You were on level 7 of the Dungeon.
You worshipped Qazlal.
Qazlal was greatly pleased with you.
You were not hungry.

You visited 1 branch of the dungeon, and saw 7 of its levels.
You also visited: Ossuary.

You collected 369 gold pieces.

Inventory:

Hand Weapons
 a - a +0 shortbow
 D - a +2 war axe of flaming (weapon)
Armour
 e - a +0 robe
 t - a +1 leather armour (worn)
 B - a scarf of resistance (worn)
Jewellery
 q - an amulet of guardian spirit (around neck)
Wands
 r - a wand of flame (16/48)
Scrolls
 b - 2 scrolls of enchant armour
 i - a scroll of immolation
 j - 5 scrolls of identify
 n - 5 scrolls of remove curse
 o - 4 scrolls of magic mapping {unknown}
 p - 3 scrolls of amnesia {unknown}
 u - a scroll of fog {unknown}
 v - a scroll of blinking {unknown}
 y - a scroll of fear
Potions
 g - a potion of flight
 l - a potion of resistance
 x - 2 potions of haste
Books
 c - a book of Debilitation

   Spells                             Type                      Level
   a - Corona                         Hexes                        1
   b - Slow                           Hexes                        2
   c - Inner Flame                    Hexes/Fire                   3
   d - Portal Projectile              Hexes/Translocation          3
   e - Cause Fear                     Hexes                        4
   f - Leda's Liquefaction            Hexes/Earth                  4
 k - a book of Maledictions

   Spells                             Type                      Level
   a - Corona                         Hexes                        1
   b - Ensorcelled Hibernation        Hexes/Ice                    2
   c - Confuse                        Hexes                        3
   d - Tukima's Dance                 Hexes                        3
   e - Dazzling Spray                 Conjuration/Hexes            3
Comestibles
 f - 4 bread rations
 h - 5 royal jellies
 m - 3 chunks of flesh
 w - 10 fruits


   Skills:
 + Level 4.6 Fighting
 + Level 2.5 Axes
 + Level 9.5 Bows
 + Level 0.1 Throwing
 + Level 3.6 Dodging
 + Level 1.2 Stealth
 + Level 1.0 Spellcasting
 + Level 3.5 Hexes


You had 6 spell levels left.
You knew the following spells:

 Your Spells              Type           Power        Failure   Level  Hunger
a - Corona                Hex            ##.....      8%          1    ##.....
b - Inner Flame           Hex/Fire       #.......     43%         3    ####...


Dungeon Overview and Level Annotations

Branches:
Dungeon (7/15)             Temple (0/1) D:4

Altars:
Okawaru
Qazlal
Ru
Trog

Shops:
D:4 (

Annotations:
D:7 Duvessa


Innate Abilities, Weirdness & Mutations

You have large cloven feet.
You are partially covered in large bone plates. (SH +4)
You are slightly more attuned to the shadows.
You sometimes gain a little power by taking damage.
You have a pair of small antennae on your head.
You passively map a small area around you.
Your muscles are strong. (Str +2)


Message History

Firing (i - inventory): No suitable missiles.
Press: ? - help, Shift-Dir - straight line, f/p - Duvessa
Aim: Duvessa, wielding a short sword and wearing a ring mail (heavily wounded, berserk, fast, unusually strong)
Okay, then.
Firing (i - inventory): No suitable missiles.
Press: ? - help, Shift-Dir - straight line, f/p - Duvessa
Aim: Duvessa, wielding a short sword and wearing a ring mail (heavily wounded, berserk, fast, unusually strong)
Okay, then.
Wield which item (- for none, * to show all)? (? for menu, Esc to quit)
Your +2 war axe of flaming bursts into flame!
D - a +2 war axe of flaming (weapon)
Duvessa barely misses you.
You hit Duvessa. You burn Duvessa.
Duvessa is severely wounded.
You block Duvessa's attack. Duvessa hits you with a short sword!
* * * LOW HITPOINT WARNING * * *
It was a potion of agility.
You feel agile all of a sudden. You block Duvessa's attack.
Duvessa hits you with a short sword!
You die...

#.#.#
#.#.#
#.#.#
#.#.# *
#.#.# ,
#.#.# *
#.#.# *
#(#.# ,
#@#.# ,
#e#.# * *
#(#.#
#.#.#
*#.#.# *
#....#.#
,
#.e#.(#.#
...
#.(#.# *
..,
#..#.#


You could see Duvessa (berserk).

Vanquished Creatures
  The ghost of hilaritas the Chopper, a novice FoFi (D:5)
  Edmund (D:5)
  A sky beast (D:6)
  An orc warrior (D:6)
  An ogre (D:6)
  A necrophage (D:6)
  2 elf zombies (Ossuary)
  3 bullfrogs (D:6)
  Dowan (D:7)
  The ghost of dscm the Digger, a weakling OpEE (D:4)
  3 howler monkeys
  3 crimson imps
  A jelly (D:5)
  3 hounds
  6 human zombies (Ossuary)
  4 orc priests
  3 orc wizards
  Ijyb (D:5)
  5 worker ants
  A big kobold zombie (Ossuary)
  2 mummies (Ossuary)
  2 hound skeletons
  10 adders
  6 gnolls
  2 adder zombies (Ossuary)
  An adder skeleton (D:5)
  3 worms
  2 dart slugs
  2 leopard geckos
  25 orcs
  4 giant cockroaches
  7 goblins
  6 hobgoblins
  7 jackals
  2 quokkas (D:6)
  3 ball pythons
  4 bats
  6 frilled lizards
  15 hobgoblin zombies (Ossuary)
  11 kobolds
  3 kobold zombies (Ossuary)
  7 orc zombies (Ossuary)
  7 rats
180 creatures vanquished.

Notes
Turn   | Place    | Note
-------+----------+-------------------------------------------
     0 | D:1      | Lanoc the Demonspawn Arcane Marksman began the quest for the Orb.
     0 | D:1      | Reached XP level 1. HP: 15/15 MP: 2/2
   162 | D:1      | Reached skill level 2 in Bows
   162 | D:1      | Gained mutation: You sometimes gain a little power by taking damage. [demonic ancestry]
   162 | D:1      | Reached XP level 2. HP: 21/21 MP: 3/3
   847 | D:2      | Found a faded altar of an unknown god.
   859 | D:2      | Became a worshipper of Qazlal Stormbringer
   859 | D:2      | Reached * piety under Qazlal
   876 | D:2      | Gained mutation: You are slightly more attuned to the shadows. [demonic ancestry]
   876 | D:2      | Reached XP level 3. HP: 19/26 MP: 4/4
  1050 | D:2      | Reached skill level 3 in Bows
  1070 | D:2      | Found an iron altar of Okawaru.
  1147 | D:2      | Gained mutation: You have large cloven feet. [demonic ancestry]
  1147 | D:2      | Reached XP level 4. HP: 23/32 MP: 3/5
  1451 | D:2      | Learned a level 3 spell: Inner Flame
  1591 | D:3      | Reached ** piety under Qazlal
  1642 | D:3      | Found a bloodstained altar of Trog.
  1834 | D:3      | Found a sacrificial altar of Ru.
  1971 | D:3      | Reached skill level 4 in Bows
  2025 | D:3      | Reached XP level 5. HP: 37/38 MP: 4/6
  2235 | D:4      | Found a sand-covered staircase.
  2240 | Ossuary  | Entered an ossuary
  2514 | Ossuary  | Reached *** piety under Qazlal
  2546 | Ossuary  | Gained mutation: You are partially covered in large bone plates. (SH +4) [demonic ancestry]
  2546 | Ossuary  | Reached XP level 6. HP: 27/46 MP: 7/7
  2592 | Ossuary  | Reached skill level 5 in Bows
  3019 | Ossuary  | Reached skill level 6 in Bows
  3019 | Ossuary  | Reached XP level 7. HP: 38/52 MP: 5/8
  3310 | D:4      | Noticed dscm's ghost (weakling OpEE)
  3324 | D:4      | Killed dscm's ghost
  3413 | D:4      | Found a staircase to the Ecumenical Temple.
  4034 | D:4      | Found Not Vynosi's Antique Weapon Emporium.
  4082 | D:5      | Entered Level 5 of the Dungeon
  4084 | D:5      | Noticed hilaritas's ghost (novice FoFi)
  4123 | D:5      | Gained mutation: You have a pair of small antennae on your head. [potion of mutation]
  4123 | D:5      | Gained mutation: Your muscles are strong. (Str +2) [potion of mutation]
  4123 | D:5      | Gained mutation: You passively map a small area around you. [potion of mutation]
  4127 | D:5      | Killed hilaritas's ghost
  4127 | D:5      | Reached **** piety under Qazlal
  4127 | D:5      | Reached skill level 7 in Bows
  4127 | D:5      | Reached XP level 8. HP: 13/59 MP: 7/9
  4132 | D:5      | Noticed Ijyb
  4151 | D:5      | Killed Ijyb
  4194 | D:5      | Noticed Edmund
  4212 | D:5      | Killed Edmund
  4212 | D:5      | Reached skill level 1 in Axes
  4212 | D:5      | Reached skill level 8 in Bows
  5387 | D:6      | Reached skill level 1 in Stealth
  5637 | D:6      | Reached skill level 9 in Bows
  5654 | D:6      | Reached XP level 9. HP: 62/65 MP: 10/10
  6360 | D:7      | Noticed Dowan
  6364 | D:7      | Noticed Duvessa
  6372 | D:7      | Killed Dowan
  6383 | D:7      | Slain by Duvessa

Skill      XL: |  1  2  3  4  5  6  7  8 |
---------------+-------------------------+-----
Bows           | 2 3 4 6 7 9 |  9.5
Dodging        | 2 3 |  3.6
Fighting       | 2 3 4 |  4.6
Axes           | 2 |  2.5
Stealth        | 1 |  1.2
Throwing       | |  0.1
Spellcasting   | |  1.0
Hexes          | |  3.5

Action                   |  1- 3 |  4- 6 |  7- 9 || total
-------------------------+-------+-------+-------++-------
Melee: War axe           |       |       |    51 ||    51
       Kick              |       |       |    14 ||    14
 Fire: Shortbow          |   105 |   249 |   390 ||   744
Throw: Throwing net      |       |       |     1 ||     1
       Tomahawk          |       |       |     7 ||     7
  Use: Potion            |     1 |     3 |    13 ||    17
       Scroll            |       |       |     5 ||     5
  Eat: Chunk             |     1 |     1 |     8 ||    10
       Meat ration       |       |     1 |     1 ||     2
Armor: Robe              |    13 |    11 |    12 ||    36
       Leather armour    |       |       |     2 ||     2
Dodge: Dodged            |    35 |    49 |   102 ||   186
       Deflected         |       |       |     3 ||     3
Block: Other             |     3 |    15 |   102 ||   120
